 Dungeon Crawl Stone Soup version 0.30-b1-5-g8e6c1be481 (webtiles) character file.

Game seed: 17459993712318149473

273 monsoonserge the Cudgeller (level 6, -1/51 HPs)
             Began as a Draconian Reaver on May 4, 2023.
             Slain by an orc
             ... wielding a +0 mace
              (5 damage)
             ... on level 4 of the Dungeon.
             The game lasted 00:12:48 (2774 turns).

monsoonserge the Cudgeller (Draconian Reaver)       Turns: 2774, Time: 00:12:48

Health: -1/51      AC:  7    Str: 14 (15) XL:     6   Next: 2%
Magic:  9/9        EV: 15    Int: 12 (15) God:
Gold:   200        SH:  6    Dex:  8 (9)  Spells: 8/9 levels left

rFire   + . .        r - +1 spear (venom)
rCold   + + .        i - +0 kite shield
rNeg    . . .        (body armour unavailable)
rPois   +            (helmet restricted)
rElec   +            (no cloak)
rCorr   +            j - +0 pair of gloves
SInv    .            (no boots)
Will    .....        (no amulet)
Stlth   +            n - ring of protection from cold
HPRegen 0.28/turn    o - +5 ring of evasion
MPRegen 0.11/turn

%: no passive effects
@: resistant, weak-willed, weakened
A: AC +6, unfitting armour, cold-blooded
a: no special abilities


You were on level 4 of the Dungeon.
You visited 1 branch of the dungeon, and saw 4 of its levels.

You collected 200 gold pieces.

Inventory:

Hand Weapons
 a - a +0 mace
 e - a +0 sling
 r - a +1 spear of venom (weapon)
Missiles
 c - 8 poisoned darts
 f - 34 stones
 k - 7 javelins
 p - 8 boomerangs (quivered)
Armour
 i - a +0 kite shield (worn)
 j - a +0 pair of gloves (worn)
Jewellery
 n - a ring of protection from cold (left hand)
 o - a +5 ring of evasion (right hand)
Wands
 s - a wand of roots (12)
 w - a wand of paralysis (6)
Scrolls
 b - a scroll of identify
 m - a scroll of poison
 q - a scroll of noise
 y - a scroll of immolation
Potions
 d - a potion of invisibility
 t - 2 potions of curing
 x - a potion of brilliance {unknown}
 z - a potion of cancellation {unknown}


   Skills:
 + Level 3.1 Fighting
 + Level 4.1 Maces & Flails
 + Level 1.4 Polearms
 + Level 1.2 Throwing
 + Level 2.5 Dodging
 + Level 0.4 Stealth
 * Level 1.6 Shields
 + Level 2.0 Spellcasting
 * Level 3.7 Conjurations
 * Level 1.5 Necromancy


You had 8 spell levels left.
You knew the following spells:

 Your Spells              Type           Power      Damage    Failure   Level
a - Kiss of Death         Conj/Necr      28%        2d7       32%         1

Your spell library contained the following spells:

 Spells                   Type           Power      Damage    Failure   Level
 Momentum Strike          Conj/Tloc      10%        3d8       56%         2
 Hailstorm                Conj/Ice       5%         3d4       80%         3
 Fulminant Prism          Conj/Hex       2%         3d5       99%         4
 Metabolic Englaciation   Hex/Ice        0%         N/A       100%        5
 Silence                  Hex/Air        0%         N/A       100%        5
 Summon Mana Viper        Hex/Summ       1%         N/A       100%        5


Dungeon Overview and Level Annotations

Branches:
Dungeon (4/15)
 Temple: D:4-7

Altars:
Wu Jian


Innate Abilities, Weirdness & Mutations

Your plain brown scales are hard. (AC +6)
You cannot fit into any form of body armour.
You are cold-blooded and may be slowed by cold attacks.


Message History

As you read the scroll labelled TECILA JUTU, it crumbles to dust.
It is a scroll of identify.
y - a scroll of immolation The gnoll is no longer moving quickly. x2; You block the adder's attack.
You block the orc's attack. Something barely misses you.
The gnoll closely misses you. The gnoll hits you with a +0 whip.
As you read the scroll labelled JIMO XEUSOIJUABA, it crumbles to dust.
Magic quickly surges around you.
It was a scroll of vulnerability.
The adder bites you but does no damage. Something hits you but does no damage.
The orc hits you but does no damage. You block the gnoll's attack.
The adder barely misses you. The gnoll hits you with a +0 whip.
As you read the scroll labelled LUVEL BUPU, it crumbles to dust.
The scroll dissolves into smoke.
It was a scroll of fog.
The gnoll is no longer moving quickly.
The orc closely misses you. Something hits you but does no damage.
You block the adder's attack. The gnoll barely misses you.
The gnoll hits you with a +0 whip.
As you read the scroll labelled IHAROEWNEEQ, it crumbles to dust.
Your body is wracked with pain!
* * * LOW HITPOINT WARNING * * *
Something is bathed in an unholy light!
The orc convulses!
The gnoll convulses!
The adder convulses!
The orc convulses!
The gnoll convulses!
The orc convulses! x2
It was a scroll of torment.
The adder closely misses you. You block the orc's attack. Something hits you.
* * * LOW HITPOINT WARNING * * *
You block the gnoll's attack. The gnoll hits you with a +0 whip.
* * * LOW HITPOINT WARNING * * *
It was a potion of degeneration.
There was something very wrong with that liquid.
You feel weakened.
You feel dopey.
You feel clumsy. The adder bites you but does no damage.
You block the orc's attack.
You hear some strange, mumbled words.
A magic dart appears from out of thin air!
The magic dart hits you.
* * * LOW HITPOINT WARNING * * *
The gnoll barely misses you. The adder barely misses you.
The gnoll closely misses you.
It was a potion of resistance.
You feel protected. The orc hits you with a +0 mace.
You die...

☼.§#§# §#§☼☼####.#
§§§☼#§§§§## #
§§§.§§§☼§# .....
.######§§#§#§§§# ......
....##☼§#§☼§§#
PP.P.#####§§#☼§§§§§#
~~~P.#.☼.#§§§§§§@{#
P....#...#§#☼☼§Sog##
~~~..##'##§☼§☼§oogo#
P..P.....☼§###§.h#hgg.#
.........§.#
###†#gB.o.#
..............
.ogg..##l#
##....##....##.#.......
o .....###...##
.......###
.............# ..##....


You could see 2 gnolls, an adder (weak-willed) and 4 orcs.

Vanquished Creatures
  2 hounds (D:4)
  Ijyb (D:3)
  9 gnolls
  2 adders (D:2)
  A worm (D:2)
  4 dart slugs (D:1)
  An orc (D:4)
  7 bats
  4 endoplasms
  2 giant cockroaches
  7 hobgoblins
  3 jackals
  A quokka (D:1)
  9 ball pythons
  5 frilled lizards
  10 goblins
  5 kobolds
  3 rats (D:1)
76 creatures vanquished.

Vanquished Creatures (others)
  A fungus (D:4)
1 creature vanquished.

Grand Total: 77 creatures vanquished

Notes
Turn   | Place    | Note
-------+----------+-------------------------------------------
     0 | D:1      | monsoonserge the Draconian Reaver began the quest for the
                  | Orb.
     0 | D:1      | Reached XP level 1. HP: 17/17 MP: 3/3
    98 | D:1      | Reached XP level 2. HP: 22/24 MP: 5/5
   280 | D:1      | You fall into a shaft and drop 1 floor!
   439 | D:1      | Reached XP level 3. HP: 27/29 MP: 6/6
  1098 | D:2      | Reached skill level 1 in Necromancy
  1628 | D:2      | Reached XP level 4. HP: 37/37 MP: 7/7
  1718 | D:3      | Reached skill level 4 in Maces & Flails
  1735 | D:3      | HP: 1/32 [poisoned by a gnoll]
  1832 | D:3      | Reached skill level 1 in Shields
  2010 | D:3      | Noticed Ijyb
  2020 | D:2      | Reached skill level 1 in Throwing
  2024 | D:3      | Found an ornate altar of the Wu Jian Council.
  2033 | D:3      | Killed Ijyb
  2034 | D:3      | Reached XP level 5. HP: 31/42 MP: 8/8
  2108 | D:3      | Got Liyrriag's Parchment of Curses
  2156 | D:3      | Noticed a great orb of eyes
  2159 | D:3      | Noticed a great orb of eyes
  2162 | D:3      | Found a faded altar of an unknown god.
  2163 | D:3      | Noticed a great orb of eyes
  2163 | D:3      | Noticed a golden eye
  2676 | D:4      | Reached skill level 1 in Polearms
  2680 | D:4      | Reached XP level 6. HP: 40/51 MP: 9/9
  2774 | D:4      | Slain by an orc

Illustrated notes

Levels and vault maps discovered:
D:1:      co_arrival_random_square_maze, layout_loops_cross, minmay_vboxes
D:2:      layout_loops_cross
D:3:      layout_loops_ring, nicolae_wu_jian_wuxing_cycle,
          hellmonk_ecumenical_altar_watching_god, uniq_ijyb
D:4:      layout_cave_pools, dreamdust_gnoll_farm

Skill      XL: |  1  2  3  4  5 |
---------------+----------------+-----
Dodging        | 2 |  2.5
Necromancy     | 1 |  1.5
Maces & Flails | 4 |  4.1
Shields        | 1 |  1.6
Throwing       | 1 |  1.2
Polearms       | 1 |  1.4
Fighting       | 3 |  3.1
Stealth        | |  0.4
Spellcasting   | |  2.0
Conjurations   | |  3.7

Action                     |  1- 3 |  4- 6 || total
---------------------------+-------+-------++-------
  Melee: Mace              |   157 |    17 ||   174
         Tailslap          |    18 |     9 ||    27
         Spear             |       |   103 ||   103
  Throw: Boomerang         |     9 |     9 ||    18
   Cast: Kiss of Death     |       |     1 ||     1
    Use: Potion            |       |     3 ||     3
         Scroll            |       |     6 ||     6
   Stab: Sleeping          |     3 |       ||     3
 Armour: Skin              |    52 |    42 ||    94
  Dodge: Dodged            |   102 |   119 ||   221
  Block: Kite shield       |    30 |    51 ||    81
